Map: Orbital Shipyard

Players

SticklerMac

  • Race: Zerg Zerg
  • League: Silver

BearWalker - Winner!

  • Race: Protoss Protoss
  • League: Silver

VOD

Have the link to the VOD?

Description

Time

  • Played on: Sept. 13, 2015, 6:19 p.m.
  • Length: 8:43
Show
View Real Time Build Order
Export as new Build Order

SticklerMac Zerg 

Build Orders: Hatch First 

Get SALT Encoding   

  12  0:00  Drone  
  13  0:08  Drone  
  14  0:17  Overlord  
  14  0:38  Drone x3  
  17  1:08  Drone x2  
  19  1:34  Drone  
  19  1:35  Drone x2  
  22  1:40  Hatchery  
  22  1:41  Spawning Pool  
  22  1:46  Drone  
  21  1:55  Hatchery  
  20  2:06  Drone  
  20  2:08  Drone  
  22  2:19  Overlord  
  22  2:31  Overlord  
  22  2:37  Queen  
  24  2:45  Drone  
  25  2:55  Queen  
  26  3:00  Zergling x4  
  28  3:06  Zergling x4  
  30  3:17  Zergling x6  
  33  3:22  Zergling x2  
  33  3:23  Zergling x2  
  32  3:46  Queen  
  34  3:51  Zergling x4  
  34  3:52  Zergling x14  
  34  3:53  Zergling x2  
  43  4:05  Extractor  
  41  4:20  Extractor  
  40  4:39  Drone x4  
  40  4:40  Drone x3  
  45  5:05  Drone x3  
  45  5:06  Drone x2  
  50  5:08  Extractor  
  50  5:13  Hatchery  
  48  5:14  Extractor  
  48  5:17  Overlord x2  
  47  5:44  Lair  
  47  5:49  Drone x3  
  51  5:50  Drone x6  
  51  5:51  Drone  
  51  5:53  Drone  
  58  6:12  Overlord x3  
  58  6:31  Queen  
  60  6:34  Drone x2  
  60  6:35  Drone x5  
  60  6:38  Drone  
  68  6:40  Drone  
  68  6:42  Drone  
  70  6:50  Drone x2  
  72  6:56  Drone x2  
  72  7:00  Drone x5  
  79  7:01  Drone  
  80  7:09  Spire  
  80  7:13  Zergling x8  
  80  7:14  Zergling x2  
  84  7:15  Zergling x2  
  83  7:34  Zergling x18  
  83  7:35  Zergling x12  
  83  7:36  Zergling x2  
  80  7:48  Zergling x8  
  80  7:49  Zergling x4  
  80  7:50  Zergling x2  
  88  7:52  Zergling x2  
  88  7:56  Overlord x3  
  67  8:16  Zergling x12  
  67  8:17  Zergling x2  
  74  8:20  Overlord  
  74  8:21  Overlord x4  
Show
View Real Time Build Order
Export as new Build Order

BearWalker Protoss - Winner!

Build Orders:  

Get SALT Encoding   

  12  0:08  Pylon  
  12  0:12  Probe (Chrono Boost)  
  13  0:28  Gateway  
  13  0:32  Probe (Chrono Boost)  
  14  0:48  Gateway  
  14  0:55  Pylon  
  14  0:59  Probe (Chrono Boost)  
  15  1:17  Probe (Chrono Boost)  
  16  1:22  Cybernetics Core  
  16  1:23  Assimilator  
  16  1:29  Pylon  
  16  1:32  Probe (Chrono Boost)  
  17  1:41  Assimilator  
  17  1:43  Probe (Chrono Boost)  
  18  1:48  Assimilator  
  18  1:53  Probe (Chrono Boost)  
  19  2:02  Assimilator  
  19  2:05  Pylon  
  19  2:08  Assimilator  
  19  2:13  Probe (Chrono Boost)  
  20  2:18  Adept  
  22  2:24  Assimilator  
  22  2:28  Adept (Chrono Boost)  
  24  2:33  Probe (Chrono Boost)  
  25  2:39  Pylon  
  25  2:48  Adept (Chrono Boost)  
  27  2:54  Adept (Chrono Boost)  
  29  2:59  Warp Gate (Chrono Boost)  
  29  3:04  Probe (Chrono Boost)  
  30  3:14  Probe (Chrono Boost)  
  31  3:23  Gateway  
  31  3:26  Gateway  
  27  4:01  Adept x2  
  31  4:14  Zealot x2  
  35  4:21  Pylon  
  35  4:23  Pylon  
  37  4:40  Probe (Chrono Boost)  
  44  4:51  Mothership Core (Chrono Boost)  
  36  5:06  Nexus  
  34  5:07  Stalker x2  
  34  5:09  Pylon  
  34  5:13  Pylon  
  38  5:30  Adept x2  
  38  5:31  Adept  
  38  5:34  Adept  
  46  5:39  Probe (Chrono Boost)  
  47  5:47  Forge  
  47  5:55  Sentry  
  47  5:56  Sentry  
  51  5:57  Sentry  
  51  6:00  Sentry  
  55  6:05  Probe (Chrono Boost)  
  56  6:19  Probe x2 (Chrono Boost)  
  56  6:21  Stalker  
  56  6:23  Stalker  
  62  6:28  Sentry  
  62  6:30  Sentry  
  66  6:38  Protoss Ground Weapons Level 1 (Chrono Boost)  
  66  6:46  Zealot  
  66  6:47  Zealot  
  70  6:52  Adept  
  72  6:55  Adept  
  74  7:05  Probe  
  74  7:07  Probe  
  76  7:12  Pylon  
  76  7:15  Probe  
  76  7:19  Probe  
  76  7:45  Adept x4  
  84  8:10  Zealot x4  
  92  8:39  Adept x2  
  92  8:40  Adept  
Tags
 
Add a new tag
Caveats
  • Supply blocks, unpowered buildings, or Contaminate may cause inaccurate times.
  • Supply counts are checked every 10 seconds.